 Dungeon Crawl Stone Soup version 0.30-a0-618-gd6c86c23d0 (webtiles) character file.

Game seed: 11799924932513495445

15757 hikkokomori the Geomancer (level 12, -7/70 HPs)
             Began as a Gargoyle Earth Elementalist on Jan 10, 2023.
             Was an Elder of Vehumet.
             Mangled by an orc warlord
             ... wielding a +9 broad axe
              (19 damage)
             ... in a bailey.
             The game lasted 00:25:12 (10520 turns).

hikkokomori the Geomancer (GrEE)                   Turns: 10520, Time: 00:25:12

Health: -7/70      AC: 14    Str: 10 (11) XL:     12   Next: 30%
Magic:  0/32       EV: 11    Int: 19 (22) God:    Vehumet [****..]
Gold:   492        SH:  4    Dex:  7 (10) Spells: 8/26 levels left

rFire   . . .      SeeInvis +    r - +1 morningstar (spect)
rCold   . . .      Faith    .    j - +0 buckler
rNeg    + . .      Spirit   .    a - +0 robe
rPois   ∞          Reflect  .    A - +0 helmet
rElec   +          Harm     .    F - +1 cloak
rCorr   .          Rampage  .    (no gloves)
Will    .....                    B - +0 pair of boots
Stlth   +++                      (no amulet)
HPRegen 0.31/turn                h - ring of see invisible
MPRegen 0.23/turn                t - ring of magical power

@: no status effects
A: sickness immunity, AC +8, negative energy resistance 1, electricity
resistance, torment resistance 1, petrification resistance
a: Renounce Religion


You were in a bailey.
You worshipped Vehumet.
Vehumet was greatly pleased with you.
You visited 2 branches of the dungeon, and saw 10 of its levels.
You also visited: Bailey.

You collected 589 gold pieces.
You spent 97 gold pieces at shops.

Inventory:

Hand Weapons
 f - a +0 spear
 r - a +1 spectral morningstar (weapon)
 y - a +1 double sword of electrocution
Armour
 a - a +0 robe (worn)
 i - the +0 buckler of Beogh's Whim {rPois Dex+7}
   (You found it on level 9 of the Dungeon)

   Dex:       It affects your dexterity (+7).
   rPois:     It protects you from poison.
 j - a +0 buckler (worn)
 A - a +0 helmet (worn)
 B - a +0 pair of boots (worn)
 F - a +1 cloak (worn)
Magical Staves
 D - a staff of fire
Jewellery
 h - a ring of see invisible (left hand)
 s - a ring of protection from fire
 t - a ring of magical power (right hand)
 G - an amulet of guardian spirit
Wands
 m - a wand of iceblast (5)
 v - a wand of quicksilver (7)
 w - a wand of mindburst (16)
Scrolls
 c - 2 scrolls of teleportation
 l - 2 scrolls of enchant weapon
 n - 3 scrolls of brand weapon
 p - a scroll of fear
 u - a scroll of enchant armour {unknown}
 x - a scroll of noise
 H - 2 scrolls of butterflies
Potions
 b - a potion of magic
 d - 5 potions of brilliance
 e - 6 potions of mutation
 g - a potion of lignification {unknown}
 k - 11 potions of curing
 o - 2 potions of flight
 q - 2 potions of heal wounds
 z - 3 potions of invisibility
 C - a potion of degeneration
 E - 2 potions of haste {unknown}


   Skills:
 - Level 6.0 Fighting
 - Level 1.7 Dodging
 + Level 5.9 Stealth
 - Level 5.2 Shields
 - Level 7.7 Spellcasting
 + Level 8.7 Conjurations
 - Level 6.0 Hexes
 - Level 2.9 Translocations
 - Level 1.0 Transmutations
 + Level 5.3 Air Magic
 + Level 10.6 Earth Magic


You had 8 spell levels left.
You knew the following spells:

 Your Spells              Type           Power      Damage    Failure   Level
a - Sandblast             Erth           94%        2d19      1%          1
b - Stone Arrow           Conj/Erth      88%        3d12      1%          3
c - Fulminant Prism       Conj/Hex       17%        3d11      1%          4
d - Blink                 Tloc           36%        N/A       5%          2
e - Swiftness             Air            27%        N/A       4%          3
f - Arcjolt               Conj/Air       17%        1d27      5%          5

Your spell library contained the following spells:

 Spells                   Type           Power      Damage    Failure   Level
 Magic Dart               Conj           100%       1d8       1%          1
 Shock                    Conj/Air       100%       1d9       1%          1
 Momentum Strike          Conj/Tloc      58%        3d9       1%          2
 Passwall                 Tmut/Erth      24%        N/A       1%          2
 Searing Ray              Conj           80%        2d7       1%          2
 Airstrike                Air            13%        2d(2-18)  3%          4
 Beastly Appendage        Tmut           22%        N/A       8%          1
 Lesser Beckoning         Tloc           36%        N/A       11%         3
 Petrify                  Tmut/Erth      29%        N/A       11%         4
 Wereblood                Tmut           11%        N/A       12%         2
 Spider Form              Tmut/Pois      9%         N/A       28%         3


Dungeon Overview and Level Annotations

Branches:
Dungeon (9/15)             Temple (1/1) D:5            Lair (0/5) D:9
 Bailey (1/1)
    Orc: D:9-12

Altars:
Ashenzari
Cheibriados
Dithmenos
Fedhas
Gozag
Hepliaklqana
Kikubaaqudgha
Makhleb
Nemelex Xobeh
Okawaru
Qazlal
Ru
Sif Muna
Trog
Uskayaw
Vehumet
Wu Jian
Xom
Yredelemnul
Zin
The Shining One

Shops:
D:4 (   D:5 (??=   D:8 :   D:9 ?


Innate Abilities, Weirdness & Mutations

You are immune to sickness and miasma.
Your stone body is resilient. (AC +8)
You are immune to poison.
You resist negative energy. (rN+)
You are resistant to electric shocks. (rElec)
You are resistant to unholy torment.
You are immune to petrification.


Message History

You thump the orc warlord!
The orc warlord is almost dead.
Your +1 spectral morningstar hits the orc warlord.
The orc warlord hits you but does no damage.
The orc warlord misses your +1 spectral morningstar.
The orc warlord misses you.
The orc warlord hits your +1 spectral morningstar with a +9 broad axe!
Your spectral weapon shares its damage with you!
You hit the orc warlord but do no damage.
The orc warlord is almost dead.
Your +1 spectral morningstar hits the orc warlord but does no damage.
Your surroundings seem slightly different.
Aiming: Iceblast
Press: ? - help, Shift-Dir - straight line, p - orc warlord The mass of ice explodes!
The iceblast engulfs the orc warlord.
The orc warlord is almost dead.
The orc warlord hits you with a +9 broad axe.
Unknown command.
Unknown command.
You barely miss the orc warlord.
The orc warlord is almost dead.
Your +1 spectral morningstar barely misses the orc warlord.
You no longer feel sluggish.
The orc warlord barely misses you.
The orc warlord closely misses your +1 spectral morningstar.
The orc warlord hits you with a +9 broad axe!!
* * * LOW HITPOINT WARNING * * *
The orc warlord misses your +1 spectral morningstar.
Casting: Stone Arrow (safe; 1% risk of failure)
Confirm with . or Enter, or press ? or * to list all spells.
Aiming: Stone Arrow (safe; 1% risk of failure)
Press: ? - help, Shift-Dir - straight line, f - orc warlord
Aim: an orc warlord, wielding a +9 broad axe and wearing a +0 chain mail (almost dead, 82% to hit)
The stone arrow misses the orc warlord.
The orc warlord completely misses you.
Unknown command.
As you read the scroll of fear, it crumbles to dust.
You assume a fearsome visage.
The orc warlord resists with some effort.
The orc warlord hits you with a +9 broad axe!!
You die...

.......#.........#.......#
#.....##.........##..).)##
##'####...........####'##
#.....##.........##.)[)[##
.......#.).......#..).)..#
.......##.......##..))...##
........#.......#.........#
..).....###...###o........##
...⌠.....###'###@§...).....#
........##88)88##....)....##
........#.......#....)....#
.......##....)..##.).)...##
.......'........))).)....#
#.....##[.....)).##.....##
#######.....⌠.)).)#######
##.........## #.........#


You could see an orc warlord.

Vanquished Creatures
  An orc knight (Bailey)
  An ugly thing (D:8)
  6 yaks (D:8)
  3 wyverns
  A wraith (D:7)
  A basilisk (D:9)
  A steam dragon (D:6)
  An acid dragon (D:6)
  13 orc warriors
  3 ice beasts
  A sky beast (D:7)
  2 black bears
  5 ogres
  2 centaurs
  2 phantoms
  A kobold brigand (D:8)
  5 bullfrogs
  2 necrophages
  2 scorpions
  15 wights
  11 killer bees
  2 howler monkeys
  8 orc priests
  9 hounds
  2 jellies
  2 gnoll boudas
  Crazy Yiuf (D:7)
  Jessica (D:2)
  An iguana (D:6)
  9 orc wizards
  Natasha (thrice) (D:3)
  11 gnolls
  4 adders
  A shadow imp (D:7)
  A white imp (D:6)
  2 ufetubi
  3 worms
  5 dart slugs
  56 orcs
  17 endoplasms
  5 giant cockroaches
  9 hobgoblins
  7 quokkas
  10 ball pythons
  6 bats
  2 frilled lizards
  15 goblins
  12 kobolds
  4 rats
287 creatures vanquished.

Vanquished Creatures (others)
  19 fulminant prisms
  A fungus (D:9)
  2 plants (D:9)
22 creatures vanquished.

Grand Total: 309 creatures vanquished

Notes
Turn   | Place    | Note
-------+----------+-------------------------------------------
     0 | D:1      | hikkokomori the Gargoyle Earth Elementalist began the quest
                  | for the Orb.
     0 | D:1      | Reached XP level 1. HP: 10/10 MP: 3/3
   255 | D:1      | Reached skill level 1 in Transmutations
   255 | D:1      | Reached XP level 2. HP: 15/15 MP: 3/5
   283 | D:1      | Reached skill level 4 in Earth Magic
   524 | D:1      | Reached XP level 3. HP: 19/19 MP: 3/6
  1084 | D:2      | Noticed Jessica
  1089 | D:2      | Killed Jessica
  1090 | D:2      | Reached XP level 4. HP: 24/24 MP: 5/8
  1096 | D:2      | Learned a level 3 spell: Stone Arrow
  1301 | D:2      | Found a hide-covered altar of Uskayaw.
  1363 | D:2      | Reached skill level 5 in Earth Magic
  1721 | D:3      | Reached XP level 5. HP: 19/28 MP: 4/10
  2057 | D:3      | Learned a level 4 spell: Fulminant Prism
  2386 | D:3      | Noticed Natasha
  2395 | D:3      | Killed Natasha
  2467 | D:3      | Found a faded altar of an unknown god.
  2613 | D:3      | Noticed Natasha
  2621 | D:3      | Killed Natasha
  2622 | D:3      | Reached skill level 6 in Earth Magic
  2622 | D:3      | Reached XP level 6. HP: 23/32 MP: 8/12
  2677 | D:3      | Noticed Natasha
  2685 | D:3      | Killed Natasha
  3195 | D:4      | Found Ublurac's Firing Range.
  3712 | D:5      | Entered Level 5 of the Dungeon
  3792 | D:5      | Reached XP level 7. HP: 19/36 MP: 12/14
  3807 | D:5      | Reached skill level 7 in Earth Magic
  3809 | D:5      | Found Qihudibrisk's Weapon Shoppe.
  3818 | D:5      | Found Roug's Magic Scroll Shop.
  3846 | D:5      | Reached skill level 5 in Spellcasting
  3958 | D:5      | Found Bidar Zaru's Magic Scroll Shop.
  3974 | D:5      | Found Genitof's Jewellery Emporium.
  3978 | D:5      | Reached skill level 1 in Shields
  4004 | D:5      | Bought a scroll of blinking for 97 gold pieces
  4270 | D:5      | Found a staircase to the Ecumenical Temple.
  4318 | Temple   | Entered the Ecumenical Temple
  4325 | Temple   | Became a worshipper of Vehumet
  4611 | D:5      | Reached skill level 8 in Earth Magic
  4611 | D:5      | Reached XP level 8. HP: 19/41 MP: 11/16
  5215 | D:5      | Learned a level 2 spell: Blink
  5374 | D:5      | Reached skill level 1 in Fighting
  5553 | D:6      | Reached skill level 1 in Translocations
  5822 | D:6      | Reached XP level 9. HP: 49/49 MP: 18/18
  5930 | D:6      | Reached * piety under Vehumet
  5930 | D:6      | Offered knowledge of Kiss of Death by Vehumet.
  6181 | D:6      | Reached skill level 9 in Earth Magic
  6189 | D:6      | Found a shimmering blue altar of Sif Muna.
  6557 | D:6      | Reached skill level 5 in Shields
  6777 | D:7      | Reached skill level 1 in Conjurations
  6779 | D:7      | Reached skill level 1 in Hexes
  6913 | D:7      | Found a basalt altar of Yredelemnul.
  7160 | D:7      | Reached skill level 5 in Fighting
  7304 | D:7      | Reached XP level 10. HP: 59/59 MP: 11/20
  7629 | D:7      | Found a runed translucent door.
  7630 | D:7      | Noticed Crazy Yiuf
  7750 | D:7      | Killed Crazy Yiuf
  7961 | D:8      | Reached ** piety under Vehumet
  7961 | D:8      | Offered knowledge of Foxfire by Vehumet.
  8095 | D:8      | Found Akkeucku's Book Boutique.
  8110 | D:8      | Learned a level 3 spell: Swiftness
  8366 | D:8      | Reached skill level 1 in Air Magic
  8377 | D:8      | Reached skill level 5 in Conjurations
  8807 | D:8      | Offered knowledge of Poisonous Vapours by Vehumet.
  8963 | D:8      | Reached skill level 5 in Hexes
  9130 | D:9      | Noticed a white ugly thing
  9131 | D:9      | Reached *** piety under Vehumet
  9143 | D:8      | Killed a white ugly thing
  9146 | D:8      | Reached XP level 11. HP: 29/64 MP: 13/21
  9302 | D:9      | Offered knowledge of Dazzling Flash by Vehumet.
  9436 | D:9      | Found a stormy altar of Qazlal.
  9509 | D:9      | Found Ranyixiv's Magic Scroll Shop.
  9519 | D:9      | Identified the +0 buckler of Beogh's Whim {rPois Dex+7}
  9560 | D:9      | Found a flagged portal.
  9574 | Bailey   | Entered a bailey
  9710 | Bailey   | Reached **** piety under Vehumet
  9891 | Bailey   | Offered knowledge of Arcjolt by Vehumet.
  9900 | Bailey   | Learned a level 5 spell: Arcjolt
  9930 | Bailey   | Noticed an orc knight
  9942 | Bailey   | Killed an orc knight
 10104 | Bailey   | Reached skill level 5 in Stealth
 10104 | Bailey   | Reached skill level 5 in Air Magic
 10104 | Bailey   | Reached skill level 10 in Earth Magic
 10104 | Bailey   | Reached XP level 12. HP: 70/70 MP: 23/23
 10233 | Bailey   | Noticed an orc warlord
 10520 | Bailey   | Mangled by an orc warlord

Illustrated notes

Levels and vault maps discovered:
D:1:      dpeg_arrival_tiny_a, layout_basic
D:2:      layout_basic, basic_altar, uniq_jessica
D:3:      layout_loops_ring, shapermc_ecumenical_altar_venn,
          grunt_decor_mini_mirrors, minmay_strange_pillars,
          nicolae_figureground_pulse, uniq_natasha
D:4:      layout_basic, nicolae_shop_firing_range
D:5:      layout_loops_ring, temple_pool_b, serial_shops, shop,
          nicolae_inconvenience_store, shop, shop, chequers_avenue
D:6:      minmay_inner_zag, layout_gridville, marbit_many_paths
D:7:      nicolae_cairo_tiling_large, layout_basic,
          mainiacjoe_overflow_tiny_flanked, uniq_crazy_yiuf_cottage
D:8:      layout_basic, serial_shops,
          nicolae_shop_temple_entry_statues_fountains, minmay_misc_feat_plants
D:9:      layout_small_grid, nicolae_qazlal_scattered_showers,
          david_lair_generic, enter_bailey_5, serial_shops,
          nicolae_shop_advertising_works [nicolae_subvault_shop_adworks],
          hangedman_abyss_or_decor_slice, chequers_serial_rivers_micro_c
Temple:   nicolae_temple_no_exploring_needed
Bailey:   bailey_axe_minmay_hex_keep, bailey

Skill      XL: |  1  2  3  4  5  6  7  8  9 10 11 |
---------------+----------------------------------+-----
Transmutations | 1 |  1.0
Earth Magic    | 4 5 6 8 9 10 | 10.6
Spellcasting   | 3 4 5 6 7 |  7.7
Shields        | 2 4 5 |  5.2
Fighting       | 2 5 6 |  6.0
Translocations | 1 2 |  2.9
Conjurations   | 3 6 8 |  8.7
Hexes          | 2 5 6 |  6.0
Air Magic      | 3 5 |  5.3
Stealth        | 5 |  5.9
Dodging        | |  1.7

Action                   |  1- 3 |  4- 6 |  7- 9 | 10-12 || total
-------------------------+-------+-------+-------+-------++-------
Melee: Unarmed           |     4 |       |       |       ||     4
       Spear             |     7 |    40 |       |       ||    47
       Punch             |       |     1 |       |       ||     1
       Morningstar       |       |    17 |    40 |    47 ||   104
 Cast: Sandblast         |    39 |   100 |   119 |    31 ||   289
       Stone Arrow       |       |       |    29 |   139 ||   168
       Blink             |       |       |     1 |       ||     1
       Fulminant Prism   |       |       |       |    19 ||    19
       Swiftness         |       |       |       |     3 ||     3
       Arcjolt           |       |       |       |     2 ||     2
Evoke: Wand              |       |       |       |     6 ||     6
  Use: Scroll            |       |     4 |       |    19 ||    23
       Potion            |       |       |       |     2 ||     2
 Stab: Sleeping          |       |     1 |       |       ||     1
Armor: Robe              |     3 |    48 |    64 |    46 ||   161
Dodge: Dodged            |    19 |    75 |    88 |    52 ||   234
Block: Buckler           |       |       |    16 |    23 ||    39

Table legend: (Time is in decaauts)
 A = Elapsed time spent in this place.
 B = Non-inter-level travel time spent in this place.
 C = Inter-level travel time spent in this place.
 D = Time resting spent in this place.
 E = Time spent auto-exploring this place.
 F = Levels seen in this place.
 G = Mean time per level.
                   A        B        C        D        E       F      G
               +--------+--------+--------+--------+--------+-----+--------+
         Total |  10740 |  10283 |    457 |    681 |   7727 |  11 |  976.4 |
       Dungeon |   9761 |   9317 |    444 |    476 |   7326 |   9 | 1084.6 |
        Temple |     14 |      1 |     13 |      0 |      0 |   1 |   14.0 |
        Bailey |    964 |    964 |      0 |    205 |    401 |   1 |  964.0 |
               +--------+--------+--------+--------+--------+-----+--------+

Top non-repeatable levels by time:
     D:5: 1850 daAuts
     D:8: 1493 daAuts
     D:7: 1159 daAuts
     D:6: 1145 daAuts
     D:3: 1136 daAuts
  Bailey: 964 daAuts
     D:1: 956 daAuts
     D:4: 917 daAuts
     D:2: 791 daAuts
     D:9: 309 daAuts
  Temple: 14 daAuts
